General information
- name: BNet
- type: Ladder 1vs1/FFA
- host: Battle.net
- saver: cazademonios
map: RoadToStratholme
- players: 2
- length: 13:18
- speed: Fast
- version: 1.26 W3XP
- replay type: Public
» download(37 KB)
Players
team 1 (winner)
cazademonios (
purple | 59 APM | 781 actions | 13:18)
3 Shadow Hunter
1 Serpent Ward
2 Healing Wave
» actions
| Assign group hotkey | 21 | |
| Build / train | 41 | |
| Enter build submenu | 29 | |
| Enter hero's abilities submenu | 3 | |
| Right click | 362 | |
| Select / deselect | 184 | |
| Select group hotkey | 58 | |
| Use ability | 83 | |
781 total
» units
» buildings
| Altar of Storms | 1 | |
| Orc Burrow | 8 | |
| Barracks | 2 | |
| War Mill | 1 | |
| Watch Tower | 13 | |
| Voodoo Lounge | 1 | |
| Stronghold | 1 | |
27 total
» build order
00:06 Altar of Storms
00:09 Orc Burrow
00:36 Barracks
01:32 Orc Burrow
02:19 War Mill
03:05 Orc Burrow
03:13 Orc Burrow
03:28 Orc Burrow
03:56 Watch Tower
04:31 Watch Tower
04:58 Watch Tower
05:13 Voodoo Lounge
06:29 Watch Tower
07:38 Stronghold
07:49 Watch Tower
08:00 Watch Tower
09:17 Orc Burrow
09:35 Watch Tower
11:00 Watch Tower
11:04 Orc Burrow
11:07 Orc Burrow
11:31 Watch Tower
11:35 Watch Tower
11:42 Watch Tower
11:57 Watch Tower
12:35 Barracks
12:50 Watch Tower
» items
| Healing Salve | 3 | |
| Scroll of Speed | 3 | |
| Lesser Clarity Potion | 4 | |
10 total
team 2 (loser)

»
azar2 (
orange | 54 APM | 711 actions | 13:12)
2 Blademaster
1 Wind Walk
1 Critical Strike
1 Shadow Hunter
1 Healing Wave
» actions
| Assign group hotkey | 5 | |
| Build / train | 42 | |
| Enter build submenu | 17 | |
| Enter hero's abilities submenu | 3 | |
| Remove unit from queue | 2 | |
| Right click | 371 | |
| Select / deselect | 212 | |
| Select group hotkey | 8 | |
| Use ability | 51 | |
711 total
» units
» upgrades
» buildings
| Altar of Storms | 1 | |
| Orc Burrow | 4 | |
| Barracks | 1 | |
| Voodoo Lounge | 2 | |
| Stronghold | 1 | |
| War Mill | 1 | |
| Watch Tower | 3 | |
13 total
» build order
00:09 Altar of Storms
00:23 Orc Burrow
00:39 Barracks
01:45 Orc Burrow
02:11 Voodoo Lounge
03:10 Stronghold
05:02 War Mill
05:49 Orc Burrow
08:44 Watch Tower
10:51 Voodoo Lounge
12:06 Watch Tower
12:45 Watch Tower
13:02 Orc Burrow
» items
| Healing Salve | 3 | |
| Potion of Healing | 1 | |
4 total
Chat log
(11:11 / All) cazademonios: nooo
(11:13 / All) azar2: gg